AoeStats
← EonNFluttershy

Glade

510527995Analyzed
1v1 RM · 2d ago on Oct 1, 2026· 22m 12s· 2 players
Game mode
Random Map
Map size
Tiny (2 player)
Population
200
Speed
Normal
Resources
Standard
Victory
Conquest
Starting age
Dark Age
Ending age
Imperial Age
RankedLock teamsTeams togetherTeam positionsShared explorationLock speedFull tech treeHidden civsTurbo modeCheats
Victory
Defeat
🇲🇾 Armenians · Malaysia
1244
+15
🇹🇼 Bulgarians · Taiwan
1227
-15
貓妖
6:29 Loom
9:50 Feudal Age
13:08 Forging
14:06 Scale Barding Armor
14:04 Scale Mail Armor
16:54 Double-Bit Axe
17:01 Gold Mining
EonNFluttershy
4:59 Loom
10:49 Feudal Age
10:50 Man-at-Arms
12:12 Long Swordsman
21:49 Scale Mail Armor
Connection lost

Rejoining the realm…

Still unreachable

The connection could not be restored.

Session expired

The server has moved on; the page needs a fresh start.